Warning! The script has encountered some errors when parsing the replay. Please report them to the . » details
0x74, prev: 0x19: 16 02 09 00 2E 47 00 00 89 ED 00 00 D3 08 00 00 EF A2 05 00 EC 15 00 00 2F BB 0B 00 69 3B 00 00 D7 49 0E 00 54 53 00 00 FD 49 0E 00 F6 61 00 00 A0 B5 04 00 19 6C 00 00 C6 B5 04 00 2E 71 00 00 A8 A6 06 00 1E 72 00 00 09 BB 0B 00 19 65 [74] 61 65 CB 58 00 00 7B 7C 00 00 01 1F 00 12 44 00 FE 00 0D 00 FF FF FF FF FF FF FF FF CF 5C A7 C5 3C 86 C8 C3 00 5E 00 00 BD 1C 09 00
0xCB, prev: 0x65: 16 02 09 00 2E 47 00 00 89 ED 00 00 D3 08 00 00 EF A2 05 00 EC 15 00 00 2F BB 0B 00 69 3B 00 00 D7 49 0E 00 54 53 00 00 FD 49 0E 00 F6 61 00 00 A0 B5 04 00 19 6C 00 00 C6 B5 04 00 2E 71 00 00 A8 A6 06 00 1E 72 00 00 09 BB 0B 00 19 65 74 61 65 [CB] 58 00 00 7B 7C 00 00 01 1F 00 12 44 00 FE 00 0D 00 FF FF FF FF FF FF FF FF CF 5C A7 C5 3C 86 C8 C3 00 5E 00 00 BD 1C 09 00
0x00, prev: 0xCB: 16 02 09 00 2E 47 00 00 89 ED 00 00 D3 08 00 00 EF A2 05 00 EC 15 00 00 2F BB 0B 00 69 3B 00 00 D7 49 0E 00 54 53 00 00 FD 49 0E 00 F6 61 00 00 A0 B5 04 00 19 6C 00 00 C6 B5 04 00 2E 71 00 00 A8 A6 06 00 1E 72 00 00 09 BB 0B 00 19 65 74 61 65 CB 58 [00] 00 7B 7C 00 00 01 1F 00 12 44 00 FE 00 0D 00 FF FF FF FF FF FF FF FF CF 5C A7 C5 3C 86 C8 C3 00 5E 00 00 BD 1C 09 00
0x7B, prev: 0x00: 16 02 09 00 2E 47 00 00 89 ED 00 00 D3 08 00 00 EF A2 05 00 EC 15 00 00 2F BB 0B 00 69 3B 00 00 D7 49 0E 00 54 53 00 00 FD 49 0E 00 F6 61 00 00 A0 B5 04 00 19 6C 00 00 C6 B5 04 00 2E 71 00 00 A8 A6 06 00 1E 72 00 00 09 BB 0B 00 19 65 74 61 65 CB 58 00 00 [7B] 7C 00 00 01 1F 00 12 44 00 FE 00 0D 00 FF FF FF FF FF FF FF FF CF 5C A7 C5 3C 86 C8 C3 00 5E 00 00 BD 1C 09 00
0x00, prev: 0x7B: 16 02 09 00 2E 47 00 00 89 ED 00 00 D3 08 00 00 EF A2 05 00 EC 15 00 00 2F BB 0B 00 69 3B 00 00 D7 49 0E 00 54 53 00 00 FD 49 0E 00 F6 61 00 00 A0 B5 04 00 19 6C 00 00 C6 B5 04 00 2E 71 00 00 A8 A6 06 00 1E 72 00 00 09 BB 0B 00 19 65 74 61 65 CB 58 00 00 7B 7C [00] 00 01 1F 00 12 44 00 FE 00 0D 00 FF FF FF FF FF FF FF FF CF 5C A7 C5 3C 86 C8 C3 00 5E 00 00 BD 1C 09 00
General information
- name: BNet
- type: Ladder team game (AT/RT)
- host: Battle.net
- saver: adhuhduiawhudhu
map: DragonFalls
- players: 8
- length: 49:13
- speed: Fast
- version: 1.26 W3XP
- replay type: Public
» download(255 KB)
Players
team 1 (loser)

»
LadyNaga (
teal | 25 APM | 931 actions | 37:42)
6 Death Knight
3 Death Coil
3 Unholy Aura
5 Dreadlord
3 Vampiric Aura
2 Sleep
» actions
| Basic commands | 4 | |
| Build / train | 59 | |
| ESC pressed | 2 | |
| Enter build submenu | 19 | |
| Enter hero's abilities submenu | 11 | |
| Give item / drop item | 4 | |
| Right click | 484 | |
| Select / deselect | 275 | |
| Use ability | 73 | |
931 total
» units
| Acolyte | 6 | |
| Ghoul | 5 | |
| Crypt Fiend | 3 | |
| Frost Wyrm | 11 | |
25 total
» upgrades
| Creature Attack | 3 | |
| Creature Carapace | 2 | |
| Freezing Breath | 1 | |
6 total
» buildings
| Crypt | 1 | |
| Graveyard | 1 | |
| Altar of Darkness | 1 | |
| Ziggurat | 8 | |
| Tomb of Relics | 1 | |
| Halls of the Dead | 1 | |
| Black Citadel | 1 | |
| Sacrificial Pit | 1 | |
| Boneyard | 2 | |
| Necropolis | 1 | |
| Spirit Tower | 2 | |
20 total
» build order
00:37 Crypt
00:44 Graveyard
00:50 Altar of Darkness
01:05 Ziggurat
01:20 Ziggurat
01:45 Tomb of Relics
02:53 Halls of the Dead
04:34 Ziggurat
05:15 Black Citadel
05:53 Sacrificial Pit
07:49 Boneyard
07:53 Boneyard
09:23 Ziggurat
10:26 Ziggurat
10:29 Necropolis
11:48 Ziggurat
16:38 Spirit Tower
16:40 Spirit Tower
19:34 Ziggurat
19:36 Ziggurat
» items
| Rod of Necromancy | 2 | |
| Scroll of Town Portal | 3 | |
| Orb of Corruption | 2 | |
| Scroll of Healing | 1 | |
| Scroll of Regeneration | 2 | |
| Orb of Venom | 1 | |
11 total
August_APC (
red | 62 APM | 2185 actions | 35:13)
8 Warden
3 Fan of Knives
3 Blink
1 Spirit of Vengeance
1 Shadow Strike
» actions
| Assign group hotkey | 159 | |
| Basic commands | 52 | |
| Build / train | 91 | |
| Enter build submenu | 26 | |
| Enter hero's abilities submenu | 8 | |
| Give item / drop item | 3 | |
| Right click | 821 | |
| Select / deselect | 440 | |
| Select group hotkey | 478 | |
| Use ability | 107 | |
2185 total
» units
| Wisp | 23 | |
| Huntress | 13 | |
| Dryad | 12 | |
| Archer | 2 | |
50 total
» upgrades
| Strength of the Moon | 3 | |
| Moon Armor | 4 | |
| Ultravision | 1 | |
| Strength of the Wild | 3 | |
| Reinforced Hides | 3 | |
| Sentinel | 1 | |
| Abolish Magic | 1 | |
| Upgrade Moon Glaive | 1 | |
| Well Spring | 1 | |
18 total
» buildings
| Altar of Elders | 1 | |
| Moon Well | 8 | |
| Ancient of War | 3 | |
| Hunter's Hall | 2 | |
| Ancient of Wonders | 1 | |
| Tree of Life | 3 | |
| Tree of Ages | 1 | |
| Ancient Protector | 8 | |
| Ancient of Lore | 2 | |
| Tree of Eternity | 1 | |
30 total
» build order
00:29 Altar of Elders
00:34 Moon Well
00:52 Ancient of War
01:44 Hunter's Hall
01:58 Moon Well
02:25 Ancient of Wonders
03:32 Ancient of War
04:11 Moon Well
05:42 Tree of Life
05:50 Moon Well
06:38 Tree of Ages
06:59 Moon Well
08:45 Ancient Protector
10:27 Ancient of Lore
10:28 Ancient of Lore
10:54 Moon Well
11:45 Hunter's Hall
12:11 Ancient Protector
12:16 Ancient Protector
12:36 Moon Well
13:21 Tree of Eternity
15:53 Moon Well
17:24 Ancient Protector
24:51 Tree of Life
26:30 Ancient Protector
26:31 Ancient Protector
26:32 Ancient Protector
26:37 Ancient Protector
30:58 Ancient of War
33:25 Tree of Life
» items
| Lesser Clarity Potion | 2 | |
| Circlet of Nobility | 3 | |
| Scroll of Healing | 3 | |
| Scroll of Town Portal | 3 | |
| Anti-magic Potion | 1 | |
12 total
JORDAN.IRA (
green | 51 APM | 2520 actions | 49:12)
6 Mountain King
3 Storm Bolt
2 Bash
1 Avatar
» actions
| Assign group hotkey | 51 | |
| Basic commands | 206 | |
| Build / train | 107 | |
| ESC pressed | 1 | |
| Enter build submenu | 26 | |
| Enter hero's abilities submenu | 6 | |
| Give item / drop item | 2 | |
| Remove unit from queue | 1 | |
| Right click | 816 | |
| Select / deselect | 309 | |
| Select group hotkey | 867 | |
| Use ability | 126 | |
2520 total
» units
| Peasant | 20 | |
| Footman | 6 | |
| Gryphon Rider | 9 | |
| Goblin Shredder | 1 | |
| Goblin Zeppelin | 1 | |
| Flying Machine | 12 | |
| Dragonhawk Rider | 2 | |
51 total
» upgrades
| Masonry | 3 | |
| Swords | 3 | |
| Armor | 2 | |
| Lumber Harvesting | 2 | |
| Storm Hammers | 1 | |
| Animal War Training | 1 | |
| Gunpowder | 1 | |
| Flying Machine Bombs | 1 | |
| Flak Cannons | 1 | |
| Barrage | 1 | |
16 total
» buildings
| Altar of Kings | 1 | |
| Barracks | 1 | |
| Farm | 14 | |
| Scout Tower | 33 | |
| Arcane Tower | 2 | |
| Arcane Vault | 1 | |
| Town Hall | 2 | |
| Lumber Mill | 3 | |
| Guard Tower | 12 | |
| Keep | 2 | |
| Blacksmith | 1 | |
| Castle | 4 | |
| Gryphon Aviary | 3 | |
| Workshop | 4 | |
83 total
» build order
00:09 Altar of Kings
00:21 Barracks
00:37 Farm
00:52 Farm
01:40 Farm
01:51 Scout Tower
02:24 Arcane Tower
02:31 Farm
02:43 Arcane Vault
03:50 Town Hall
03:52 Scout Tower
03:53 Scout Tower
03:53 Scout Tower
04:11 Scout Tower
04:11 Scout Tower
04:38 Farm
04:44 Lumber Mill
04:58 Arcane Tower
06:14 Guard Tower
06:18 Keep
06:19 Keep
06:26 Scout Tower
06:26 Scout Tower
06:27 Scout Tower
06:27 Scout Tower
07:06 Guard Tower
07:43 Guard Tower
07:46 Blacksmith
07:47 Farm
07:48 Farm
07:48 Farm
07:49 Farm
07:49 Farm
07:49 Farm
07:49 Farm
07:50 Farm
07:50 Farm
08:44 Castle
08:44 Castle
08:44 Castle
08:45 Castle
09:22 Gryphon Aviary
10:00 Gryphon Aviary
10:00 Gryphon Aviary
12:59 Scout Tower
13:00 Scout Tower
13:01 Scout Tower
13:01 Scout Tower
13:02 Scout Tower
13:03 Scout Tower
13:03 Scout Tower
13:04 Scout Tower
13:05 Scout Tower
13:48 Guard Tower
14:06 Guard Tower
14:58 Guard Tower
15:05 Lumber Mill
15:08 Guard Tower
15:27 Guard Tower
18:16 Scout Tower
18:17 Scout Tower
18:17 Scout Tower
18:18 Scout Tower
18:19 Scout Tower
18:19 Scout Tower
18:21 Scout Tower
18:21 Scout Tower
18:22 Scout Tower
18:23 Scout Tower
18:23 Scout Tower
19:15 Guard Tower
21:20 Guard Tower
22:08 Workshop
22:09 Workshop
23:24 Workshop
23:56 Workshop
24:03 Town Hall
47:35 Lumber Mill
» items
| Scroll of Regeneration | 2 | |
| Potion of Healing | 2 | |
| Potion of Mana | 1 | |
| Scroll of Town Portal | 3 | |
| Potion of Invisibility | 1 | |
| Potion of Lesser Invulnerability | 2 | |
| Staff of Teleportation | 1 | |
12 total

»
Wolf2983 (
blue | 11 APM | 532 actions | 49:12)
6 Mountain King
2 Storm Bolt
3 Bash
1 Avatar
3 Dark Ranger
2 Black Arrow
1 Silence
3 Paladin
1 Divine Shield
2 Devotion Aura
» actions
| Build / train | 54 | |
| Enter build submenu | 16 | |
| Enter hero's abilities submenu | 12 | |
| Give item / drop item | 1 | |
| Right click | 232 | |
| Select / deselect | 162 | |
| Use ability | 55 | |
532 total
» units
| Peasant | 6 | |
| Footman | 6 | |
| Satyr Shadowdancer | 1 | |
| Furbolg Shaman | 1 | |
| Knight | 9 | |
| Goblin Shredder | 1 | |
24 total
» upgrades
| Swords | 3 | |
| Lumber Harvesting | 1 | |
| Animal War Training | 1 | |
| Plating | 1 | |
6 total
» buildings
| Barracks | 1 | |
| Farm | 10 | |
| Altar of Kings | 1 | |
| Keep | 1 | |
| Lumber Mill | 2 | |
| Blacksmith | 1 | |
| Castle | 1 | |
| Arcane Vault | 1 | |
| Town Hall | 3 | |
21 total
» build order
00:09 Barracks
00:23 Farm
00:35 Altar of Kings
00:46 Farm
01:37 Farm
02:08 Farm
03:18 Keep
03:29 Lumber Mill
04:39 Blacksmith
05:44 Castle
08:38 Arcane Vault
09:52 Farm
09:52 Farm
09:53 Farm
09:55 Farm
13:10 Town Hall
13:39 Farm
13:40 Farm
22:00 Town Hall
22:38 Lumber Mill
23:54 Town Hall
» items
| Scroll of Regeneration | 3 | |
| Scroll of Town Portal | 2 | |
| Orb of Fire | 2 | |
7 total
team 2 (winner)

»
Rosa_Parks (
orange | 66 APM | 1657 actions | 25:12)
4 Mountain King
2 Storm Bolt
1 Bash
1 Thunder Clap
1 Archmage
1 Blizzard
» actions
| Assign group hotkey | 30 | |
| Basic commands | 40 | |
| Build / train | 57 | |
| ESC pressed | 5 | |
| Enter build submenu | 28 | |
| Enter hero's abilities submenu | 5 | |
| Right click | 667 | |
| Select / deselect | 331 | |
| Select group hotkey | 459 | |
| Use ability | 34 | |
1657 total
» units
| Peasant | 13 | |
| Rifleman | 15 | |
| Priest | 5 | |
| Sorceress | 5 | |
38 total
» upgrades
| Gunpowder | 2 | |
| Sorceress Training | 2 | |
| Priest Training | 2 | |
| Armor | 2 | |
| Long Rifles | 1 | |
9 total
» buildings
| Altar of Kings | 1 | |
| Farm | 10 | |
| Barracks | 3 | |
| Blacksmith | 1 | |
| Keep | 1 | |
| Arcane Vault | 1 | |
| Arcane Sanctum | 2 | |
| Castle | 1 | |
| Lumber Mill | 1 | |
| Town Hall | 3 | |
24 total
» build order
00:11 Altar of Kings
00:14 Farm
00:54 Barracks
01:19 Farm
01:36 Blacksmith
02:22 Barracks
02:27 Barracks
03:15 Farm
03:59 Farm
04:51 Keep
04:53 Farm
05:35 Arcane Vault
05:37 Farm
06:26 Farm
07:20 Arcane Sanctum
09:25 Arcane Sanctum
10:43 Castle
10:46 Farm
11:31 Lumber Mill
11:35 Farm
12:17 Farm
14:13 Town Hall
18:24 Town Hall
21:05 Town Hall
» items

»
warmonkey (
pink | 26 APM | 1068 actions | 40:36)
3 Demon Hunter
1 Immolation
2 Evasion
1 Mountain King
1 Storm Bolt
» actions
| Basic commands | 18 | |
| Build / train | 93 | |
| Enter build submenu | 29 | |
| Enter hero's abilities submenu | 4 | |
| Remove unit from queue | 2 | |
| Right click | 498 | |
| Select / deselect | 370 | |
| Use ability | 54 | |
1068 total
» units
| Wisp | 21 | |
| Hippogryph | 21 | |
| Chimaera | 10 | |
| Green Dragon Whelp | 2 | |
| Green Drake | 2 | |
| Green Dragon | 1 | |
| Druid of the Talon | 1 | |
| Peasant | 9 | |
| Rifleman | 6 | |
| Mortar Team | 2 | |
75 total
» upgrades
| Strength of the Wild | 2 | |
| Reinforced Hides | 2 | |
| Corrosive Breath | 1 | |
| Druid of the Talon Training | 1 | |
6 total
» buildings
| Moon Well | 12 | |
| Altar of Elders | 1 | |
| Hunter's Hall | 1 | |
| Tree of Ages | 1 | |
| Ancient of Wonders | 1 | |
| Tree of Eternity | 1 | |
| Ancient of Wind | 4 | |
| Tree of Life | 2 | |
| Chimaera Roost | 3 | |
| Town Hall | 1 | |
27 total
» build order
00:26 Moon Well
01:14 Altar of Elders
01:33 Hunter's Hall
01:58 Moon Well
02:35 Tree of Ages
02:52 Ancient of Wonders
02:57 Moon Well
03:54 Moon Well
04:53 Moon Well
04:57 Tree of Eternity
05:22 Ancient of Wind
06:38 Moon Well
07:08 Tree of Life
07:40 Chimaera Roost
07:42 Chimaera Roost
09:22 Tree of Life
09:27 Chimaera Roost
09:42 Moon Well
13:23 Moon Well
15:43 Moon Well
16:16 Moon Well
16:41 Moon Well
19:22 Moon Well
21:22 Ancient of Wind
22:18 Ancient of Wind
23:02 Ancient of Wind
34:19 Town Hall
» items
| Potion of Healing | 1 | |
| Scroll of Town Portal | 1 | |
| Orb of Venom | 1 | |
3 total

»
Surfer-Dude (
yellow | 55 APM | 1399 actions | 25:26)
4 Archmage
1 Summon Water Elemental
1 Blizzard
2 Brilliance Aura
3 Paladin
1 Holy Light
1 Divine Shield
1 Devotion Aura
» actions
| Assign group hotkey | 30 | |
| Build / train | 56 | |
| Enter build submenu | 25 | |
| Enter hero's abilities submenu | 7 | |
| Give item / drop item | 2 | |
| Right click | 804 | |
| Select / deselect | 197 | |
| Select group hotkey | 229 | |
| Use ability | 49 | |
1399 total
» units
| Peasant | 7 | |
| Footman | 4 | |
| Rifleman | 9 | |
| Mortar Team | 5 | |
| Siege Engine | 6 | |
| Knight | 3 | |
34 total
» upgrades
| Gunpowder | 3 | |
| Barrage | 1 | |
| Long Rifles | 1 | |
5 total
» buildings
| Farm | 13 | |
| Lumber Mill | 1 | |
| Altar of Kings | 1 | |
| Barracks | 1 | |
| Blacksmith | 1 | |
| Scout Tower | 4 | |
| Arcane Tower | 2 | |
| Arcane Vault | 1 | |
| Keep | 1 | |
| Workshop | 1 | |
| Castle | 1 | |
| Guard Tower | 1 | |
28 total
» build order
00:13 Farm
00:18 Lumber Mill
00:22 Altar of Kings
00:37 Barracks
00:58 Farm
01:47 Farm
02:13 Blacksmith
02:28 Scout Tower
03:34 Scout Tower
03:36 Farm
04:06 Arcane Tower
04:11 Farm
04:54 Arcane Vault
04:56 Keep
05:30 Scout Tower
06:34 Farm
07:26 Arcane Tower
07:42 Workshop
07:45 Farm
08:51 Castle
08:59 Farm
10:35 Farm
11:30 Scout Tower
11:33 Farm
12:38 Guard Tower
14:25 Farm
16:55 Farm
18:34 Farm
» items
| Periapt of Vitality | 1 | |
| Lesser Clarity Potion | 1 | |
| Potion of Healing | 1 | |
3 total
adhuhduiawhudhu (
purple | 64 APM | 3155 actions | 49:13)
10 Death Knight
3 Death Coil
3 Unholy Aura
1 Animate Dead
3 Death Pact
» actions
| Assign group hotkey | 403 | |
| Basic commands | 79 | |
| Build / train | 83 | |
| Enter build submenu | 30 | |
| Enter hero's abilities submenu | 11 | |
| Give item / drop item | 4 | |
| Right click | 1645 | |
| Select / deselect | 393 | |
| Select group hotkey | 399 | |
| Select subgroup | 1 | |
| Use ability | 107 | |
3155 total
» units
| Acolyte | 7 | |
| Ghoul | 9 | |
| Obsidian Statue | 12 | |
28 total
» upgrades
| Creature Attack | 3 | |
| Destroyer Form | 1 | |
| Backpack | 1 | |
| Creature Carapace | 3 | |
8 total
» buildings
| Altar of Darkness | 1 | |
| Ziggurat | 18 | |
| Crypt | 1 | |
| Nerubian Tower | 1 | |
| Tomb of Relics | 3 | |
| Halls of the Dead | 3 | |
| Graveyard | 2 | |
| Slaughterhouse | 2 | |
| Black Citadel | 1 | |
| Spirit Tower | 17 | |
49 total
» build order
00:23 Altar of Darkness
00:25 Ziggurat
00:34 Crypt
01:29 Nerubian Tower
01:31 Ziggurat
02:22 Tomb of Relics
03:00 Ziggurat
03:41 Halls of the Dead
03:42 Halls of the Dead
03:42 Halls of the Dead
05:03 Graveyard
06:30 Slaughterhouse
06:33 Slaughterhouse
06:36 Black Citadel
06:38 Spirit Tower
09:27 Ziggurat
11:18 Ziggurat
11:23 Ziggurat
17:05 Ziggurat
17:57 Ziggurat
18:00 Ziggurat
18:01 Ziggurat
18:57 Spirit Tower
18:59 Spirit Tower
21:27 Ziggurat
21:29 Ziggurat
21:31 Ziggurat
22:08 Tomb of Relics
23:12 Spirit Tower
25:32 Spirit Tower
25:38 Spirit Tower
33:07 Ziggurat
33:08 Ziggurat
33:11 Ziggurat
34:00 Spirit Tower
34:02 Spirit Tower
34:03 Spirit Tower
35:53 Tomb of Relics
37:19 Ziggurat
38:07 Ziggurat
38:14 Spirit Tower
38:19 Spirit Tower
38:19 Spirit Tower
38:20 Spirit Tower
39:21 Spirit Tower
43:30 Graveyard
» items
| Rod of Necromancy | 1 | |
| Staff of Teleportation | 1 | |
| Boots of Speed | 1 | |
| Potion of Healing | 4 | |
| Orb of Corruption | 2 | |
| Scroll of Town Portal | 4 | |
| Potion of Mana | 1 | |
14 total
Chat log
(00:15 / All) adhuhduiawhudhu: god damn, this map again
(00:16 / All) adhuhduiawhudhu: it sucks
(00:32 / All) LadyNaga: it is nice
(00:49 / Allies) Rosa_Parks: purp you werent just the dude who stabbed me on this map were you lol?
(01:00 / Allies) adhuhduiawhudhu: huh? no
(01:02 / Allies) Rosa_Parks: with your bro?
(01:03 / Allies) Rosa_Parks: ok good
(01:06 / Allies) Rosa_Parks: cuz that sucked
(01:21 / Allies) Rosa_Parks: plan?
(01:36 / Allies) adhuhduiawhudhu: destroyers
(09:15 / Allies) warmonkey: help
(09:20 / Allies) Surfer-Dude: omw
(09:55 / All) August_APC: goin somwhere?
(11:18 / Allies) Surfer-Dude: bitch says goin somewhere, in her ass soon lol
(11:58 / Allies) Rosa_Parks: purp could i get some lumber plz?
(12:09 / Allies) Rosa_Parks: thx
(12:10 / Allies) adhuhduiawhudhu: k np
(12:32 / Allies) warmonkey: are we goming hit yet
(12:40 / Allies) Rosa_Parks: im ready
(13:01 / Allies) Rosa_Parks: meet
(13:07 / Allies) warmonkey: get a tp
(13:26 / Allies) adhuhduiawhudhu: hit top right
(13:40 / Allies) warmonkey: go
(13:45 / Allies) adhuhduiawhudhu: anyone have spare gold?
(13:49 / All) JORDAN.IRA: wood
(14:17 / Allies) adhuhduiawhudhu: check expos
(14:49 / Allies) warmonkey: go
(14:56 / Allies) warmonkey: tp'
(15:13 / Allies) warmonkey: tp
(15:29 / Allies) Rosa_Parks: thx
(15:52 / Allies) adhuhduiawhudhu: hit top right again
(16:00 / Allies) Rosa_Parks: yu sure?
(16:06 / Allies) adhuhduiawhudhu: yes, I think red is a threat
(16:14 / Allies) Rosa_Parks: k
(17:39 / Allies) Rosa_Parks: back
(17:48 / Allies) adhuhduiawhudhu: too many towers
(17:51 / Allies) Rosa_Parks: yeah
(18:01 / Allies) Rosa_Parks: hit somewhere quick
(18:02 / Allies) warmonkey: orhrey side
(18:03 / Allies) Rosa_Parks: red is blocked in
(18:07 / Allies) adhuhduiawhudhu: blue then
(19:01 / Allies) warmonkey: tp
(19:04 / Allies) warmonkey: or no
(19:08 / Allies) Surfer-Dude: no
(19:16 / Allies) Rosa_Parks: kill mains
(19:17 / Allies) Rosa_Parks: and move
(19:35 / Allies) warmonkey: yllopwe get back
(19:47 / All) August_APC: NO
(20:16 / All) JORDAN.IRA: back
(21:17 / Allies) adhuhduiawhudhu: peasants?
(21:27 / Allies) Surfer-Dude: i know i saved em
(21:38 / Allies) adhuhduiawhudhu: k np, just wondering you knew
(22:22 / Allies) warmonkey: mass hpooo
(22:42 / Allies) Rosa_Parks: tping
(22:48 / Allies) Surfer-Dude: fuck i need 200 pls
(22:56 / Allies) adhuhduiawhudhu: gold?
(23:11 / Allies) Surfer-Dude: yes for a hall
(23:17 / Allies) adhuhduiawhudhu: k, there you go
(23:36 / Allies) Surfer-Dude: fuck 10 more pls lol
(27:25 / All) JORDAN.IRA: suck it red
(27:27 / Allies) adhuhduiawhudhu: we should have hit red earlier they are magici mmune
(29:22 / Allies) adhuhduiawhudhu: do you have any gold? I need to xpo
(29:46 / Allies) adhuhduiawhudhu: do you have gold? I need to expo
(29:57 / Allies) adhuhduiawhudhu: thanks
(30:05 / All) JORDAN.IRA: suck my balls blue
(30:26 / All) JORDAN.IRA: TEAL BLUE AND TEAL SHUT UP NOOBS
(30:31 / All) JORDAN.IRA: U are embarassed
(31:19 / All) August_APC: you guys are pathetic
(31:24 / All) August_APC: you and green
(31:24 / All) adhuhduiawhudhu: gtfo red
(31:29 / All) JORDAN.IRA: relax
(31:32 / All) JORDAN.IRA: EVERYBODY CAN WIN
(31:38 / All) JORDAN.IRA: I DONT CARE IF PINK OR MY TEAM WINS
(31:45 / All) August_APC: so pathetic that you'll take advantage of a tker
(31:50 / All) August_APC: after clearly getting dominated the entire game
(31:53 / All) adhuhduiawhudhu: stfu negro
(31:58 / All) August_APC: pathetic
(32:01 / All) adhuhduiawhudhu: you got raped all the way through the game
(32:04 / All) adhuhduiawhudhu: don't be afraid to admit it
(32:09 / All) adhuhduiawhudhu: or is your pride hurt?
(32:09 / All) August_APC: lol
(32:12 / All) August_APC: 1 v 2
(32:14 / All) adhuhduiawhudhu: shiteater
(32:14 / All) August_APC: any of you
(32:33 / All) August_APC: massing destros against my dryads
(32:36 / All) August_APC: fucking moron
(32:37 / All) adhuhduiawhudhu: yep
(32:38 / All) adhuhduiawhudhu: raped son
(32:42 / All) adhuhduiawhudhu: how mad you are?
(32:45 / All) JORDAN.IRA: U HAVE NO BASE IDIOOT
(32:55 / All) adhuhduiawhudhu: he has 1 hero
(33:02 / All) August_APC: you have no life
(33:09 / All) August_APC: but you do have virginity
(33:53 / All) adhuhduiawhudhu: raped
(33:56 / All) adhuhduiawhudhu: how mad you are bro?
(33:57 / All) August_APC: what's it like to be pitiful green?
(34:05 / All) August_APC: i'm not mad, I'm more sad
(34:14 / All) adhuhduiawhudhu: sad that you got ROCKED?
(34:32 / All) August_APC: sad that incestial birth exists
(34:38 / All) August_APC: is your father also your brother?
(34:39 / All) adhuhduiawhudhu: ya, I know. sad that you were born
(34:47 / All) JORDAN.IRA: I DID NOT give u permission to speak red
(34:49 / All) adhuhduiawhudhu: your birth certificate was an apology from the abortion clinic red
(34:55 / All) August_APC: oh man, he pulled the "I know you are, but what am I"
(35:06 / All) adhuhduiawhudhu: I bet the only ass you get is when your hand slips through the toilet paper
(35:08 / All) August_APC: fuckin' inbreds
(35:12 / All) August_APC: go shoot squirrels
(35:19 / All) JORDAN.IRA: ;LAWL
(35:27 / All) JORDAN.IRA: "GO SHOOT SQUIRRELS"
(35:31 / All) adhuhduiawhudhu: he exited battle.net
(35:35 / All) adhuhduiawhudhu: I tried whispering him
(35:37 / All) adhuhduiawhudhu: he is not online
(36:16 / All) adhuhduiawhudhu: teal
(36:18 / All) adhuhduiawhudhu: stop trying
(36:23 / All) adhuhduiawhudhu: gtfo man
(36:36 / All) adhuhduiawhudhu: raped
(36:42 / All) adhuhduiawhudhu: out
(36:45 / All) JORDAN.IRA: TEAL WE ARE PRO'S
(36:49 / All) JORDAN.IRA: IT IS TIME FOR U TO LEAVE
(36:52 / All) JORDAN.IRA: U EMBARASSED ME
(36:52 / All) adhuhduiawhudhu: we profesionally do 4v4 rt
(36:55 / All) adhuhduiawhudhu: and command you to leave
(37:05 / All) adhuhduiawhudhu: lest we insult you in a tournament
(37:15 / All) JORDAN.IRA: will pink stay? we can make this a standoff
(37:24 / All) adhuhduiawhudhu: pink, are you here?
(37:50 / All) adhuhduiawhudhu: blue is still in-game
(37:56 / All) adhuhduiawhudhu: blue, are you here
(38:08 / All) JORDAN.IRA: blue
(38:18 / All) JORDAN.IRA: me and purple are going to kill all units including our own, then leave game
(38:19 / All) Wolf2983: yes just wondering what short dick get win
(38:23 / All) JORDAN.IRA: person with best computer will win
(39:01 / All) adhuhduiawhudhu: one good thing about each of us getting gryphons and destroyers is that it's harder for us to accidentally kill each other when
(39:10 / All) adhuhduiawhudhu: attack moving, since mine are magic immune
(39:22 / All) JORDAN.IRA: i know, if i lag out they cant hurt u since i always go griffs
(39:35 / All) adhuhduiawhudhu: I think I might switch from hu to ud
(39:37 / All) adhuhduiawhudhu: UD seems more fun
(39:38 / All) Wolf2983: yeah but he is getting tanks to cheat you
(39:41 / All) JORDAN.IRA: kill orange's units
(39:46 / All) adhuhduiawhudhu: k
(39:46 / All) JORDAN.IRA: test if pink will leave
(40:29 / All) JORDAN.IRA: there is a reason i thumbs down this map i just dont like it
(40:33 / All) adhuhduiawhudhu: Pink is trying to kill me with 4 hippos
(40:41 / All) adhuhduiawhudhu: damn, no standoff
(40:43 / All) JORDAN.IRA: blue loses
(40:48 / All) adhuhduiawhudhu: k
(40:53 / All) adhuhduiawhudhu: niggers on my team get a tie, fine by me
(41:08 / All) Wolf2983: lol really don't care
(41:08 / All) JORDAN.IRA: kill blue base i got mine
(41:14 / All) adhuhduiawhudhu: k
(41:17 / All) JORDAN.IRA: i need to watch chatlog
(41:22 / All) adhuhduiawhudhu: if you didn't care, blue, you would leave right now
(41:24 / All) JORDAN.IRA: i wasn't listening i think red got pissed
(41:26 / All) adhuhduiawhudhu: you obviously care about your w/l
(41:28 / All) Wolf2983: hell you killed all my bases already
(41:37 / All) adhuhduiawhudhu: blue is 524-564 w/l
(41:40 / All) adhuhduiawhudhu: absolutely awful
(41:44 / All) Wolf2983: with my own wood might add
(42:03 / All) Wolf2983: cause get asswipes like you two
(42:06 / All) JORDAN.IRA: bathroom brb
(42:12 / All) JORDAN.IRA: blue are you ashamed of this loss for u
(42:15 / All) adhuhduiawhudhu: and inspirations for birth control like you
(42:20 / All) adhuhduiawhudhu: your family name was disgraced
(42:23 / All) Wolf2983: LMAO
(42:25 / All) adhuhduiawhudhu: we will upload the replay on highper.ch
(42:29 / All) adhuhduiawhudhu: so all can laugh at you
(43:01 / All) adhuhduiawhudhu: blue, just leave if you don't care, and you'll get a tie instead of loss
(43:10 / All) Wolf2983: can't even kill yourself efficiently green
(43:20 / All) adhuhduiawhudhu: because you're black, and niggers run
(43:52 / All) JORDAN.IRA: fun game
(43:54 / All) adhuhduiawhudhu: yes
(44:04 / All) Wolf2983: really can be
(44:05 / All) JORDAN.IRA: i thought both teams would have put up a better fight
(44:07 / All) adhuhduiawhudhu: yellow still had 2 mortar teams, I guess pink didn't notice
(44:14 / All) Wolf2983: niether of you will know though
(44:15 / All) adhuhduiawhudhu: so did I, but both teams sucked. terrible micro
(44:23 / All) JORDAN.IRA: blue u stupidly tped to ur base
(44:31 / All) JORDAN.IRA: if we didn't tp they would have raped u 1v4
(44:43 / All) JORDAN.IRA: leave hall bot right
(44:50 / All) Wolf2983: the rule was TP to main
(44:52 / All) adhuhduiawhudhu: k
(45:05 / All) adhuhduiawhudhu: I am faster
(45:10 / All) Wolf2983: just followed the rule
(45:13 / All) JORDAN.IRA: free girfs
(45:21 / All) adhuhduiawhudhu: level 10, but ok
(45:27 / All) JORDAN.IRA: what rule
(45:31 / All) JORDAN.IRA: blue
(45:34 / All) adhuhduiawhudhu: undead gryphon army with animate dead
(45:44 / All) JORDAN.IRA: i said tp if they hit ME, i didnt care if they hit u
(46:00 / All) Wolf2983: so I notice now
(46:02 / All) adhuhduiawhudhu: proof that I never play UD
(46:04 / All) JORDAN.IRA: dk mk duel
(46:09 / All) adhuhduiawhudhu: gryphs can't be resurrected
(46:20 / All) adhuhduiawhudhu: I have low health
(46:22 / All) adhuhduiawhudhu: but ok
(46:51 / All) adhuhduiawhudhu: come at me bro
(47:10 / All) adhuhduiawhudhu: i won
(47:26 / All) JORDAN.IRA: wtf my hall was next to u
(47:32 / All) adhuhduiawhudhu: huh?
(47:39 / All) JORDAN.IRA: i tped like 5 ft away
(47:44 / All) adhuhduiawhudhu: what do you mean
(47:56 / All) adhuhduiawhudhu: I tped too nigger
(48:00 / All) adhuhduiawhudhu: hp potions
(48:05 / All) JORDAN.IRA: i tped to hall five feet from us to buy time for cooldown
(48:41 / All) JORDAN.IRA: blue u fought bravely
(48:45 / All) JORDAN.IRA: not brave enough
(48:55 / All) adhuhduiawhudhu: blue was a warrior, but he still committed seppuku
(48:58 / All) adhuhduiawhudhu: and out comes the intestines
(49:06 / All) adhuhduiawhudhu: highper.ch the replay shall be